AoeStats
← RagnarLothbrok

Oasis

509223229Analyzed
4v4 RM · 7d ago on Sep 26, 2026· 11m 7s· 8 players
Game mode
Random Map
Map size
Large (8 player)
Population
200
Speed
Normal
Resources
Standard
Victory
Conquest
Starting age
Dark Age
Ending age
Imperial Age
RankedLock teamsTeams togetherTeam positionsShared explorationLock speedFull tech treeHidden civsTurbo modeCheats
Victory
Defeat
🇲🇽 Persians · Mexico
1513
+8
🇻🇪 Lithuanians · Venezuela
1400
+12
🇲🇽 Britons · Mexico
1350
+14
🇨🇱 Maya · Chile
1344
+14
🇦🇷 Magyars · Argentina
1349
-13
🇪🇸 Lithuanians · Spain
1341
-13
🇦🇷 Franks · Argentina
1297
-11
🇫🇷 Danes · France
1288
-11
PistonForjado
6:47 Loom
9:48 Feudal Age
Fuck*n Good
6:57 Loom
9:41 Feudal Age
9:44 Man-at-Arms
hcenemod
8:54 Feudal Age
eze
6:28 Loom
9:29 Feudal Age
Vmmp11
5:29 Loom
8:25 Feudal Age
9:08 Double-Bit Axe
10:46 Horse Collar
RagnarLothbrok
5:56 Loom
8:19 Feudal Age
8:58 Loom
9:02 Double-Bit Axe
9:14 Horse Collar
9:44 Horse Collar
Rosse SinClan
5:58 Loom
8:23 Feudal Age
7:09 Loom
9:12 Double-Bit Axe
MaximoMGM
0:26 Loom
9:58 Feudal Age
Connection lost

Rejoining the realm…

Still unreachable

The connection could not be restored.

Session expired

The server has moved on; the page needs a fresh start.